 Dungeon Sprint DCSS version 0.27-a0-1149-g4505690ab0 (webtiles) character file.

Game seed: 9647318881465951688

452 Zeld the Transmogrifier (level 7, -26/49 HPs)
             Began as an Octopode Transmuter on May 13, 2021.
             Was a Follower of Fedhas.
             Killed from afar by a white draconian (37 damage)
             ... with a blast of cold
             ... in the Dungeon (Sprint V: "Ziggurat Sprint").
             The game lasted 00:01:41 (475 turns).

Zeld the Transmogrifier (Octopode Transmuter)        Turns: 475, Time: 00:01:42

Health: -26/49     AC:  1    Str: 24    XL:     7   Next: 5%
Magic:  13/16      EV: 14    Int: 27    God:    Fedhas [*.....]
Gold:   0          SH:  0    Dex: 12    Spells: 8/18 levels left

rFire    . . .     SeeInvis .     - Unarmed
rCold    . . .     Faith    .   (no shield)
rNeg     . . .     Spirit   .   (helmet restricted)
rPois    .         Reflect  .   (no amulet)
rElec    .         Harm     .   v - +6 ring of strength
rCorr    .         Rampage  .   u - +6 ring of intelligence
Will     .....     NoTele   +   t - +6 ring of intelligence
Stlth    ++........             w - +6 ring of strength
HPRegen  0.16/turn              (no ring)
MPRegen  0.15/turn              (no ring)
                                (no ring)
                                (no ring)

@: no status effects
A: almost no armour, amphibious, 8 rings, camouflage 1, gelatinous body 1,
(nimble swimmer 1), tentacles
a: Renounce Religion


You were in the Dungeon.
You worshipped Fedhas.
Fedhas was aware of your devotion.
You visited 1 branch

Inventory:

Jewellery
 t - a +6 ring of intelligence (on tentacle)
 u - a +6 ring of intelligence (right tentacle)
 v - a +6 ring of strength (left tentacle)
 w - a +6 ring of strength (on tentacle)
Wands
 q - a wand of mindburst (7)
 s - a wand of acid (6)
Scrolls
 g - a scroll of blinking
 l - 4 scrolls of amnesia
 m - 7 scrolls of fog
 n - a scroll of holy word
 o - 5 scrolls of identify
 p - 2 scrolls of fear
Potions
 a - 2 potions of brilliance
 b - 10 potions of curing
 c - 10 potions of heal wounds
 d - 6 potions of haste
 e - 7 potions of magic
 f - 3 potions of berserk rage
 h - 2 potions of invisibility
 i - 4 potions of resistance
 k - 5 potions of might
Miscellaneous
 x - a lightning rod (inert)


   Skills:
 + Level 4.8 Fighting
 + Level 5.2 Dodging
 - Level 3.0 Unarmed Combat
 + Level 6.2 Spellcasting
 * Level 9.4 Transmutations
 * Level 7.5 Invocations


You had 8 spell levels left.
You knew the following spells:

 Your Spells              Type           Power      Damage    Failure   Level
a - Beastly Appendage     Tmut           100%       N/A       1%          1
b - Wereblood             Tmut           56%        N/A       1%          2
c - Spider Form           Tmut/Pois      16%        N/A       2%          3
d - Ice Form              Ice/Tmut       33%        N/A       9%          4

Your spell library contained the following spells:

 Spells                   Type           Power      Damage    Failure   Level
 Hydra Form               Tmut           28%        N/A       3%          5


Dungeon Overview and Level Annotations

Branches:
Dungeon (1/1)

Altars:
Ashenzari
Cheibriados
Dithmenos
Elyvilon
Fedhas
Gozag
Hepliaklqana
Kikubaaqudgha
Makhleb
Nemelex Xobeh
Okawaru
Qazlal
Ru
Sif Muna
Trog
Uskayaw
Vehumet
Wu Jian
Xom
Yredelemnul
Zin
The Shining One
Beogh
Jiyva
Lugonu

Annotations:
D 1 transporter


Innate Abilities, Weirdness & Mutations

You cannot wear most types of armour.
You are amphibious.
You can wear up to eight rings at the same time.
Your skin changes colour to match your surroundings (Stealth+).
Your rubbery body absorbs attacks. (AC +1, EV +1)
((You are camouflaged near water. (Stealth+)))
You have tentacles for arms and can constrict up to eight enemies at once.


Message History

Press: ? - help, Shift-Dir - straight line, f - white draconian
Aim: a white draconian, wielding a +0 long sword (moderately wounded)
The thunderbolt hits the white draconian!
The white draconian is heavily wounded.
Unknown command.
Aiming: Thunderbolt
Press: ? - help, Shift-Dir - straight line, f/p - white draconian
Aim: a white draconian, wielding a +0 long sword (heavily wounded)
Okay, then.
Blink to where?
Press: ? - help, Dir - move target, p - white draconian
As you read the scroll of blinking, it crumbles to dust.
Aiming: Thunderbolt
Press: ? - help, Shift-Dir - straight line, f - white draconian
Aim: a white draconian, wielding a +0 long sword (heavily wounded)
The thunderbolt hits the white draconian.
The white draconian is heavily wounded.
The thunderbolt hits the draconian.
The draconian is moderately wounded.
The white draconian breathes frost at you.
The blast of cold misses you.
Aiming: Thunderbolt
Press: ? - help, Shift-Dir - straight line, f/p - white draconian
Aim: a white draconian, wielding a +0 long sword (heavily wounded, catching its breath)
The thunderbolt hits the white draconian!
The white draconian is severely wounded.
The lightning rod overheats!
Unknown command.
Aiming: Corrosive Bolt
Press: ? - help, Shift-Dir - straight line, p - white draconian The bolt of acid hits the white draconian!
The white draconian is splashed with acid.
The white draconian is severely wounded.
The draconian hits you with a +0 hand axe!
* * * LOW HITPOINT WARNING * * *
The white draconian breathes frost at you.
The blast of cold hits you!!!
Ouch! That really hurt!
You die...
Fedhas appreciates your contribution to the ecosystem.

▓▓▓▓▓▓▓▓▓▓▓▓▓
▓.8©8@▓.8©8.▓
▓.|:}d▓.....▓
▓...).▓.|.).▓
▓..d..▓.....▓
▓.....▓.....▓
▓.....▓..©..▓
▓..©..▓▓▓▓▓▓▓
▓▓▓▓▓▓▓


You could see a white draconian (catching breath) and a draconian.

Vanquished Creatures
  A draconian (D)
  An ice beast (D)
  A white imp (D)
3 creatures vanquished.

Notes
Turn   | Place    | Note
-------+----------+-------------------------------------------
     0 | D        | Zeld the Octopode Transmuter began the quest for the Orb.
     0 | D        | Reached XP level 1. HP: 13/13 MP: 3/3
     2 | D        | Found a blossoming altar of Fedhas.
     3 | D        | Found the +6 Majin-Bo {vamp, MP+6 Int+6}
     3 | D        | Found the +9 heavy crossbow "Sniper" {vorpal, Acc+∞ SInv}
     3 | D        | Found the +10 dark maul {vorpal}
     3 | D        | Found the +15 Maxwell's patent armour {-Cast -Tele rElec
                  | Will+ rCorr}
     3 | D        | Found the +18 shield of the Gong {rElec rN+ Will+ EV-5}
     3 | D        | Found the +14 obsidian axe {vorpal, Drain Fly SInv}
     3 | D        | Found the +7 great mace "Firestarter" {inner flame, rF++}
     3 | D        | Found the +6 shillelagh "Devastator" {shatter}
     3 | D        | Found the +11 plutonium sword {Contam Stlth-}
     3 | D        | Found the +8 lance "Wyrmbane" {slay drac, rPois rF+ rC+
                  | AC+3}
     3 | D        | Found the +9 sword of Zonguldrok {reap}
     3 | D        | Found the +13 scythe of Curses {drain, Drain}
     3 | D        | Found the +5 sword of Power {vorpal}
     3 | D        | Found the +7 mace of Variability {chain chaos}
     3 | D        | Found the +7 Singing Sword {vorpal, sonic wave}
     3 | D        | Found the +8 storm bow {elec, penet}
     5 | D        | Found a shimmering blue altar of Sif Muna.
     5 | D        | Found a sacrificial altar of Ru.
     5 | D        | Found a bloodstained altar of Trog.
     5 | D        | Found a stormy altar of Qazlal.
     5 | D        | Found an iron altar of Okawaru.
     5 | D        | Found a sparkling altar of Nemelex Xobeh.
     7 | D        | Found a transporter.
     7 | D        | Found an ancient bone altar of Kikubaaqudgha.
     7 | D        | Found a viscous altar of Jiyva.
     7 | D        | Found a corrupted altar of Lugonu.
     7 | D        | Found a hazy altar of Hepliaklqana.
     7 | D        | Found a burning altar of Makhleb.
     7 | D        | Found an opulent altar of Gozag.
    29 | D        | Became a worshipper of Fedhas Madash
    34 | D        | Reached skill level 6 in Transmutations
    34 | D        | Reached XP level 2. HP: 18/18 MP: 4/7
    38 | D        | Learned a level 2 spell: Wereblood
    89 | D        | Entered arena 2.
    89 | D        | Noticed an ice beast
    89 | D        | Found a transporter.
    93 | D        | Killed an ice beast
    94 | D        | Reached skill level 5 in Spellcasting
    94 | D        | Reached skill level 7 in Transmutations
    94 | D        | Reached XP level 3. HP: 2/25 MP: 7/9
    94 | D        | Reached XP level 4. HP: 3/30 MP: 8/11
    98 | D        | Learned a level 3 spell: Spider Form
   103 | D        | Learned a level 4 spell: Ice Form
   461 | D        | Entered arena 3.
   461 | D        | Noticed a white draconian
   461 | D        | Noticed a draconian
   461 | D        | Noticed a draconian
   461 | D        | Found a transporter.
   468 | D        | Killed a draconian
   468 | D        | Reached * piety under Fedhas
   469 | D        | Reached skill level 5 in Dodging
   469 | D        | Reached skill level 9 in Transmutations
   469 | D        | Reached XP level 5. HP: 13/38 MP: 11/13
   469 | D        | Reached XP level 6. HP: 16/45 MP: 12/15
   469 | D        | Reached XP level 7. HP: 17/49 MP: 12/16
   475 | D        | Killed from afar by a white draconian

Illustrated notes

Levels and vault maps discovered:
D:        sprint_v [room_start, room_1, room_2, room_3, room_4, room_5, room_6,
          room_7, room_8, room_9, room_10, room_11, room_12, room_13, room_14,
          room_15, room_16, room_17, room_18, room_19, room_20, room_21,
          room_22, room_23, room_24, room_25, room_26, room_27]

Skill      XL: |  1  2  3  4 |
---------------+-------------+-----
Spellcasting   | 4 5 6 |  6.2
Transmutations | 6 7 9 |  9.4
Fighting       | 2 4 |  4.8
Dodging        | 3 5 |  5.2
Invocations    | 3 7 |  7.5
Unarmed Combat | |  3.0

Action                   |  1- 3 |  4- 6 |  7- 9 || total
-------------------------+-------+-------+-------++-------
Evoke: Wand              |     2 |     5 |     1 ||     8
       Lightning rod     |     2 |     1 |     4 ||     7
  Use: Potion            |     1 |       |       ||     1
       Scroll            |       |     1 |     2 ||     3
Dodge: Dodged            |       |       |     1 ||     1

Table legend: (Time is in decaauts)
 A = Elapsed time spent in this place.
 B = Non-inter-level travel time spent in this place.
 C = Inter-level travel time spent in this place.
 D = Time resting spent in this place.
 E = Time spent auto-exploring this place.
 F = Levels seen in this place.
 G = Mean time per level.
                   A        B        C        D        E       F      G
               +--------+--------+--------+--------+--------+-----+--------+
         Total |    473 |    473 |      0 |    397 |      0 |   1 |  473.0 |
       Dungeon |    473 |    473 |      0 |    397 |      0 |   1 |  473.0 |
               +--------+--------+--------+--------+--------+-----+--------+

Top non-repeatable levels by time:
       D: 473 daAuts
